 Dungeon Crawl Stone Soup version 0.30-a0-726-gd89dcf765f (webtiles) character file.

Game seed: 10670684254806785162

57 GiantSquids the Shooter (level 4, -16/34 HPs)
             Began as a Barachi Hunter on Jan 29, 2023.
             Demolished by an ogre
             ... wielding a +0 giant club
              (34 damage)
             ... on level 3 of the Dungeon.
             The game lasted 00:02:56 (1458 turns).

GiantSquids the Shooter (Barachi Hunter)            Turns: 1458, Time: 00:02:57

Health: -16/34     AC:  3    Str: 12    XL:     4   Next: 0%
Magic:  4/4        EV: 12    Int:  9    God:
Gold:   79         SH:  0    Dex: 18    Spells: 3/3 levels left

rFire   . . .      SeeInvis .    a - +0 shortbow
rCold   . . .      Faith    .    (shield currently unavailable)
rNeg    . . .      Spirit   .    c - +0 leather armour
rPois   .          Reflect  .    (no helmet)
rElec   .          Harm     .    (no cloak)
rCorr   .          Rampage  .    (no gloves)
Will    .....                    (no boots)
Stlth   ++                       (no amulet)
HPRegen 0.25/turn                (no ring)
MPRegen 0.09/turn                (no ring)

@: unable to hop, slow
A: amphibious, slowness 1, strong legs 1, +LOS
a: Hop


You were on level 3 of the Dungeon.
You visited 1 branch of the dungeon, and saw 3 of its levels.

You collected 79 gold pieces.

Inventory:

Hand Weapons
 a - a +0 shortbow (weapon)
Armour
 c - a +0 leather armour (worn)
Jewellery
 l - a +6 ring of intelligence
 o - an amulet of the acrobat
Scrolls
 b - a scroll of immolation
 d - a scroll of brand weapon {unknown}
 e - a scroll of teleportation {unknown}
 j - a scroll of magic mapping {unknown}
 k - a scroll of identify {unknown}
 n - a scroll of noise {unknown}
Potions
 f - a potion of mutation {unknown}
 g - a potion of heal wounds {unknown}
 h - a potion of might {unknown}
 i - 2 potions of curing {unknown}
 m - a potion of degeneration {unknown}


   Skills:
 - Level 2.4 Fighting
 + Level 5.4 Ranged Weapons
 - Level 2.1 Dodging
 - Level 0.8 Stealth


You had 3 spell levels left.
You didn't know any spells.
Your spell library was empty.

Dungeon Overview and Level Annotations

Branches:
Dungeon (3/15)

Altars:

Shops:
D:1 (:[


Innate Abilities, Weirdness & Mutations

You are amphibious.
You cover ground slowly.
You can hop short distances.
You have an extended range of vision and can be seen from far away.


Message History

Press: ? - help, Q - select action, (/) - cycle Dir - move target, p - ogre Boing!
Fire: a) +0 shortbow
Press: ? - help, Shift-Dir - straight line, f - ogre
Aim: an ogre, wielding a +0 giant club (sparse dust, heavily wounded, 77% to hit)
You shoot an arrow.
The arrow hits the ogre but does no damage.
The ogre is heavily wounded.
Fire: a) +0 shortbow
Press: ? - help, Shift-Dir - straight line, f/p - ogre
Aim: an ogre, wielding a +0 giant club (heavily wounded, 77% to hit)
You shoot an arrow. The arrow hits the ogre.
The ogre is almost dead.
Fire: a) +0 shortbow
Press: ? - help, Shift-Dir - straight line, f/p - ogre
Aim: an ogre, wielding a +0 giant club (almost dead, 77% to hit)
You shoot an arrow.
The arrow hits the ogre but does no damage.
The ogre is almost dead.
Fire: a) +0 shortbow
Press: ? - help, Shift-Dir - straight line, f/p - ogre
Aim: an ogre, wielding a +0 giant club (almost dead, 77% to hit)
You shoot an arrow. The arrow hits the ogre.
The ogre is almost dead.
Fire: a) +0 shortbow
Press: ? - help, Shift-Dir - straight line, f/p - ogre
Aim: an ogre, wielding a +0 giant club (almost dead, 77% to hit)
You shoot an arrow.
The arrow hits the ogre but does no damage.
The ogre is almost dead.
The ogre hits you with a +0 giant club!
Fire: a) +0 shortbow
Press: ? - help, Shift-Dir - straight line, f/p - ogre
Aim: an ogre, wielding a +0 giant club (almost dead, 77% to hit)
You shoot an arrow.
The arrow hits the ogre but does no damage.
The ogre is almost dead.
The ogre hits you with a +0 giant club!!
Ouch! That really hurt!
You die...

.......#.#
##.#.#.#...#
#.......#.
##.#.#.###.
.......# .#
##[#.#.## #
#....... +#
##
#.#O###.....
###@........
##########


You could see an ogre.

Vanquished Creatures
  A worm (D:2)
  A dart slug (D:1)
  3 endoplasms
  A giant cockroach (D:2)
  7 goblins
  7 hobgoblins
  2 quokkas
  9 ball pythons
  7 bats
  3 frilled lizards (D:1)
  3 kobolds
  2 rats
46 creatures vanquished.

Vanquished Creatures (others)
  2 withered plants (D:1)
2 creatures vanquished.

Grand Total: 48 creatures vanquished

Notes
Turn   | Place    | Note
-------+----------+-------------------------------------------
     0 | D:1      | GiantSquids the Barachi Hunter began the quest for the Orb.
     0 | D:1      | Reached XP level 1. HP: 17/17 MP: 1/1
    86 | D:1      | Reached XP level 2. HP: 23/23 MP: 2/2
   229 | D:1      | Found Haojatz's Antique Armour Shoppe.
   443 | D:1      | Found a faded altar of an unknown god.
   452 | D:1      | Reached XP level 3. HP: 21/28 MP: 3/3
   568 | D:1      | Reached skill level 5 in Ranged Weapons
   599 | D:1      | Found Faxiewig's Book Boutique.
   727 | D:1      | Found Tionnow's Weapon Shoppe.
  1438 | D:3      | Noticed an ogre
  1451 | D:3      | Reached XP level 4. HP: 33/34 MP: 4/4
  1458 | D:3      | Demolished by an ogre

Illustrated notes

Levels and vault maps discovered:
D:1:      psy_arrival_fountain, layout_basic, serial_shops, nicolae_shop_stone,
          nicolae_lakefront_shop, shop, shapermc_ecumenical_altar_gd
D:2:      layout_rooms, patterned_corridor
D:3:      layout_rooms, st_stairs_12, minivault_25

Skill      XL: |  1  2  3 |
---------------+----------+-----
Ranged Weapons | 5 |  5.4
Fighting       | |  2.4
Dodging        | |  2.1
Stealth        | |  0.8

Action                     |  1- 3 |  4- 6 || total
---------------------------+-------+-------++-------
   Fire: Shortbow          |   123 |     7 ||   130
Ability: Hop               |     2 |     1 ||     3
 Armour: Leather armour    |    12 |       ||    12
  Dodge: Dodged            |    42 |     1 ||    43

Table legend: (Time is in decaauts)
 A = Elapsed time spent in this place.
 B = Non-inter-level travel time spent in this place.
 C = Inter-level travel time spent in this place.
 D = Time resting spent in this place.
 E = Time spent auto-exploring this place.
 F = Levels seen in this place.
 G = Mean time per level.
                   A        B        C        D        E       F      G
               +--------+--------+--------+--------+--------+-----+--------+
         Total |   1733 |   1633 |    100 |      0 |   1360 |   3 |  577.7 |
       Dungeon |   1733 |   1633 |    100 |      0 |   1360 |   3 |  577.7 |
               +--------+--------+--------+--------+--------+-----+--------+

Top non-repeatable levels by time:
     D:1: 1100 daAuts
     D:2: 608 daAuts
     D:3: 24 daAuts
